 Dungeon Crawl Stone Soup version 0.31-a0-1576-ga3383bade6 (webtiles) character file.

Game seed: 5006308469044060069

22086 Flugslaktarn the Grappler (level 12, -4/127 HPs)
             Began as a Troll Shapeshifter on Jan 4, 2024.
             Was the Champion of Uskayaw.
             Slain by an eight-headed hydra (13 damage)
             ... on level 4 of the Lair of Beasts.
             The game lasted 00:08:17 (10210 turns).

Flugslaktarn the Grappler (Troll Shapeshifter)     Turns: 10210, Time: 00:08:18

Health: -4/127     AC:  5    Str: 35    XL:     12   Next: 59%
Magic:  11/11      EV:  9    Int:  6    God:    Uskayaw [******]
Gold:   432        SH: 28    Dex:  9    Spells: 11/11 levels left

rFire   . .          .
                       - Unarmed
rCold   . . .        h - +18 shield of the Gong {Loud rN+ Will+ rCorr EV-5}
rNeg    + . .        a - +1 animal skin
rPois   .            (helmet currently unavailable)
rElec   .            (cloak currently unavailable)
rCorr   +            (gloves unavailable)
SInv    .            (boots unavailable)
Will    +....        L - amulet of faith
Stlth   +            J - +6 ring of strength
HPRegen 1.21/turn    v - +5 ring of evasion
MPRegen 0.12/turn

%: faith
@: about to teleport, beast-form, studying Hexes
A: beast (slay +3), large, unfitting armour, claws 3, regeneration 1, shaggy fur
1, tough skin 1
a: Begin Untransformation, Renounce Religion, Stomp, Line Pass, Grand Finale


You were on level 4 of the Lair of Beasts.
You worshipped Uskayaw.
Uskayaw was noncommittal.
You were a hulking beast.
You visited 3 branches of the dungeon, and saw 16 of its levels.

You collected 1827 gold pieces.
You spent 1395 gold pieces at shops.

Inventory:

Missiles
 x - 3 throwing nets
Armour
 a - a +1 animal skin (worn)
 h - the +18 shield of the Gong (worn) {Loud rN+ Will+ rCorr EV-5}
   (You bought it in a shop on level 2 of the Dungeon)

   Loud:      It is deafeningly noisy when blocking attacks.
   EV-5:      It affects your evasion (-5).
   rN+:       It protects you from negative energy.
   Will+:     It increases your willpower.
   rCorr:     It protects you from acid and corrosion.
 B - a +2 cloak of preservation
   (You found it on level 12 of the Dungeon)
Jewellery
 c - a ring of protection from cold
   (You found it on level 4 of the Dungeon)
 i - a ring of see invisible
   (You found it on level 2 of the Dungeon)
 o - a ring of poison resistance
   (You found it on level 1 of the Dungeon)
 v - a +5 ring of evasion (right claw)
   (You found it on level 3 of the Dungeon)
 E - an amulet of reflection
   (You took it off a gnoll bouda on level 8 of the Dungeon)
 J - a +6 ring of strength (left claw)
   (You found it on level 9 of the Dungeon)
 L - an amulet of faith (around neck)
   (You found it on level 9 of the Dungeon)
Talismans
 d - a flux talisman
 z - a beast talisman
Wands
 g - a wand of digging (6)
   (You found it on level 1 of the Lair of Beasts)
 m - a wand of roots (27)
   (You found it on level 2 of the Dungeon)
 y - a wand of mindburst (21)
   (You took it off a gnoll bouda on level 8 of the Dungeon)
 F - a wand of charming (19)
   (You found it on level 7 of the Dungeon)
 M - a wand of quicksilver (4)
   (You found it on level 10 of the Dungeon)
Scrolls
 e - a scroll of amnesia
 f - a scroll of immolation
 l - a scroll of poison
 r - a scroll of identify
 s - a scroll of enchant armour
 t - 3 scrolls of teleportation
 D - 2 scrolls of fog
 G - a scroll of butterflies {unknown}
 H - a scroll of brand weapon {unknown}
 I - a scroll of noise {unknown}
 K - 2 scrolls of vulnerability {unknown}
 N - a scroll of fear {unknown}
 Q - a scroll of torment {unknown}
 R - a scroll of revelation
Potions
 b - 2 potions of lignification
 j - a potion of enlightenment {unknown}
 k - 9 potions of ambrosia
 n - a potion of resistance
 p - 3 potions of degeneration {unknown}
 q - 5 potions of curing
 u - 2 potions of brilliance {unknown}
 A - a potion of might {unknown}
 C - a potion of magic {unknown}
 O - a potion of invisibility {unknown}
 P - a potion of haste {unknown}


   Skills:
 - Level 10.4 Fighting
 - Level 1.7 Dodging
 - Level 10.6 Shields
 - Level 12.5 Unarmed Combat
 + Level 0.0 Invocations
 - Level 5.5 Shapeshifting


You had 11 spell levels left.
You didn't know any spells.
Your spell library contained the following spells:

 Spells                   Type           Power      Damage    Failure   Level
 Kiss of Death            Conj/Necr      0%         2d5       58%         1
 Summon Small Mammal      Summ           0%         N/A       58%         1
 Ensorcelled Hibernation  Hex/Ice        0%         N/A       73%         2
 Call Canine Familiar     Summ           0%         N/A       91%         3
 Confusing Touch          Hex            0%         N/A       91%         3
 Dazzling Flash           Conj/Hex       0%         N/A       91%         3
 Fugue of the Fallen      Necr           0%         N/A       91%         3
 Mephitic Cloud           Conj/Alch/Air  0%         N/A       91%         3
 Anguish                  Hex/Necr       0%         N/A       100%        4
 Dispel Undead            Necr           0%         3d6       100%        4
 Passage of Golubria      Tloc           0%         N/A       100%        4
 Summon Blazeheart Golem  Fire/Summ      0%         N/A       100%        4
 Curse of Agony           Necr           0%         N/A       100%        5
 Silence                  Hex/Air        0%         N/A       100%        5
 Summon Forest            Summ/Tloc      0%         N/A       100%        5
 Summon Mana Viper        Hex/Summ       0%         N/A       100%        5
 Summon Cactus Giant      Summ           0%         N/A       100%        6
 Lehudib's Crystal Spear  Conj/Erth      0%         10d2      100%        8


Dungeon Overview and Level Annotations

Branches:
Dungeon (12/15)            Temple (1/1) D:6            Lair (2/5) D:8
    Orc (0/2) D:10
  Swamp: Lair:2-3    Shoals: Lair:2-3     Snake: Lair:2-3    Spider: Lair:2-3

Altars:
Ashenzari
Cheibriados
Dithmenos
Elyvilon
Fedhas
Gozag
Hepliaklqana
Kikubaaqudgha
Makhleb
Nemelex Xobeh
Okawaru
Qazlal
Ru
Sif Muna
Trog
Uskayaw
Vehumet
Wu Jian
Xom
Yredelemnul
Zin
The Shining One

Shops:
D:1 (   D:2 [!   D:4 !(=   D:5 =   D:9 *   D:10 (

Annotations:
D:7 1 runed translucent door, Crazy Yiuf
D:8 1 transporter


Innate Abilities, Weirdness & Mutations

You are a hulking beast.
Your limbs bulge with bestial killing power. (Slay +3)
You are too large for most types of armour.
You have claws for hands.
Your natural rate of healing is unusually fast.
You are covered in fur. (AC +1)
You have tough skin. (AC +1)


Message History

You closely miss the wolf.
You feel sick. The wolf barely misses you. You block the wolf's attack.
PANG!
You closely miss the wolf.
You feel sick. The wolf bites you. You block the wolf's attack.
PANG!
You block the wolf's attack.
PANG!
You block the wolf's attack.
GONNNNG!
You hear a roar!
You hear a loud, deep croak! x2
You are too injured to fight recklessly!
You scratch the wolf.
The wolf is lightly wounded.
You feel sick.
You are no longer poisoned.
You block the wolf's attack.
GONNNNG!
You block the wolf's attack.
GONNNNG!
You are too injured to fight recklessly!
You scratch the wolf.
The wolf is moderately wounded.
You block the wolf's attack.
BONNNG!
You block the wolf's attack.
BONNNG!
You block the wolf's attack.
GONNNNG!
You hear a loud, deep croak!
You are too injured to fight recklessly!
You mangle the yak!!
The yak is severely wounded.
You block the wolf's attack.
GONNNNG!
You hear a croak. x2
You are too injured to fight recklessly!
You closely miss the yak.
The yak is severely wounded.
You block the wolf's attack.
GONNNNG!
An eight-headed hydra comes into view.
You block the yak's attack.
SHROANNG!
You block the wolf's attack.
BONNNG!
You hear a croak.
You hear a howl!
You are too injured to fight recklessly!
You mangle the yak!!
You kill the yak!
You block the wolf's attack.
GONNNNG!
You hear a loud, deep croak!
Uskayaw prepares the audience for your solo!
You are too injured to fight recklessly!
The helpless yak fails to defend itself.
You mangle the yak!!
The yak is heavily wounded.
The eight-headed hydra is no longer paralysed.
The yak is no longer paralysed. x2; You block the yak's attack.
GONNNNG!
You hear a loud, deep croak!
You hear a howl!
You are too injured to fight recklessly!
You mangle the yak!!
You kill the yak!
Uskayaw links your audience in an emotional bond!
Okay, then.
Okay, then.
As you read the scroll of teleportation, it crumbles to dust.
You feel strangely unstable.
The wolf is no longer paralysed. x3
You block the wolf's attack.
GONNNNG!
The eight-headed hydra bites you!
* * * LOW HITPOINT WARNING * * *
You block the eight-headed hydra's attack.
GONNNNG!
You block the eight-headed hydra's attack.
PANG!
The eight-headed hydra bites you.
* * * LOW HITPOINT WARNING * * *
The eight-headed hydra barely misses you.
The eight-headed hydra bites you but does no damage.
The eight-headed hydra bites you!
* * * LOW HITPOINT WARNING * * *
The eight-headed hydra bites you but does no damage.
The wolf bites you!
* * * LOW HITPOINT WARNING * * *
You hear a croak. x2
You feel much better.
The eight-headed hydra is no longer sharing its pain.
You block the wolf's attack.
GONNNNG!
You block the eight-headed hydra's attack.
BONNNG!
You block the eight-headed hydra's attack.
GONNNNG!
The eight-headed hydra bites you!
* * * LOW HITPOINT WARNING * * *
The eight-headed hydra bites you.
* * * LOW HITPOINT WARNING * * *
The eight-headed hydra bites you!
* * * LOW HITPOINT WARNING * * *
The eight-headed hydra bites you!
* * * LOW HITPOINT WARNING * * *
The eight-headed hydra bites you!
You die...

###...
##.....
#.....#
.Y#.....#
YY....P#
#...####
#Yh.#.#####
#Dhh......###
#h#.........#
####........#
#........#
#.........#
##........#
#.........P
#P.........
#####..##..
### #^


You could see an eight-headed hydra, a yak (pain bonded) and 3 wolves.

Vanquished Creatures
  Snorg (D:12)
  Harold (D:10)
  3 two-headed ogres
  2 manticores
  3 meliai (D:12)
  3 cyclopes
  An ugly thing (D:11)
  Joseph (D:8)
  3 black mambas
  A gargoyle (D:12)
  3 unseen horrors
  Maggie (D:8)
  A kobold demonologist (D:10)
  A freezing wraith (D:7)
  8 komodo dragons
  2 ice devils (D:7)
  A queen bee (D:12)
  2 trolls
  A polar bear (Lair:2)
  Grinder (D:6)
  2 wyverns
  A wraith (D:12)
  7 yaks
  2 steam dragons (D:8)
  A basilisk (Lair:1)
  2 acid dragons (D:9)
  10 water moccasins
  4 orc warriors
  An ice beast (D:6)
  4 black bears
  2 ogres (D:4)
  7 wolves
  2 centaurs (D:9)
  A phantom (D:5)
  18 kobold brigands
  Blork the orc (D:6)
  4 bullfrogs
  A gnoll sergeant (D:10)
  3 scorpions
  6 wights
  32 killer bees
  A howler monkey (D:11)
  2 bombardier beetles
  3 hounds
  2 gnoll boudas (D:8)
  2 orc priests
  Jessica (D:2)
  4 iguanas
  10 orc wizards
  9 gnolls
  9 adders
  6 white imps (D:7)
  4 dart slugs
  6 ribbon worms
  32 orcs
  4 bats
  13 endoplasms
  5 giant cockroaches
  8 goblins
  3 hobgoblins
  4 quokkas
  6 ball pythons
  3 frilled lizards
  30 kobolds
  8 rats
326 creatures vanquished.

Vanquished Creatures (others)
  A gnoll (D:8)
  A white imp (D:8)
2 creatures vanquished.

Grand Total: 328 creatures vanquished

Notes
Turn   | Place    | Note
-------+----------+-------------------------------------------
     0 | D:1      | Flugslaktarn the Troll Shapeshifter began the quest for the
                  | Orb.
     0 | D:1      | Reached XP level 1. HP: 18/18 MP: 0/0
    76 | D:1      | Reached skill level 1 in Fighting
   242 | D:1      | Reached XP level 2. HP: 26/27 MP: 1/1
   792 | D:1      | Found Jodug's Antique Weapon Boutique.
   961 | D:2      | Reached XP level 3. HP: 33/33 MP: 2/2
  1013 | D:2      | Found Mecra's Armour Shop.
  1246 | D:2      | Found Huoluy's Distillery.
  1298 | D:2      | Reached XP level 4. HP: 42/42 MP: 3/3
  1559 | D:2      | Noticed Jessica
  1560 | D:2      | Killed Jessica
  1769 | D:3      | Reached skill level 4 in Unarmed Combat
  1778 | D:3      | Reached XP level 5. HP: 50/50 MP: 4/4
  2047 | D:3      | Found a bloodstained altar of Trog.
  2119 | D:4      | Found Efimif's Antique Weapon Boutique.
  2128 | D:4      | Noticed an ogre
  2136 | D:4      | HP: 1/50 [ogre/+0 giant spiked club (22)]
  2137 | D:4      | Killed an ogre
  2265 | D:4      | Found Miodgh's Distillery.
  2291 | D:4      | Found the +11 plutonium sword {^Contam Stlth-}
  2447 | D:4      | Noticed an ogre
  2451 | D:4      | HP: 2/52 [ogre/+0 giant club (25)]
  2454 | D:4      | Killed an ogre
  2455 | D:4      | Reached XP level 6. HP: 6/61 MP: 5/5
  2832 | D:4      | Found Tofumim's Jewellery Boutique.
  2839 | D:4      | Identified a scroll of acquirement
  2967 | D:4      | Acquired 1156 gold pieces
  3029 | D:2      | Bought the +18 shield of the Gong {Loud rN+ Will+ rCorr
                  | EV-5} for 1246 gold pieces
  3029 | D:2      | Found the +18 shield of the Gong {Loud rN+ Will+ rCorr
                  | EV-5}
  3081 | D:5      | Entered Level 5 of the Dungeon
  3081 | D:5      | Found Ruduusaq's Jewellery Emporium.
  3136 | D:5      | Reached skill level 5 in Unarmed Combat
  3196 | D:5      | Reached skill level 1 in Shields
  3200 | D:5      | Reached XP level 7. HP: 25/67 MP: 6/6
  3352 | D:5      | Found a sparkling altar of Nemelex Xobeh.
  3353 | D:5      | Found a glowing silver altar of Zin.
  3353 | D:5      | Found a radiant altar of Vehumet.
  3358 | D:5      | Found a shimmering blue altar of Sif Muna.
  3359 | D:5      | Found a basalt altar of Yredelemnul.
  3359 | D:5      | Found a hide-covered altar of Uskayaw.
  3360 | D:5      | Found a glowing golden altar of the Shining One.
  3361 | D:5      | Found a shimmering altar of Xom.
  3361 | D:5      | Found a sacrificial altar of Ru.
  3362 | D:5      | Found a burning altar of Makhleb.
  3679 | D:5      | Became a worshipper of Uskayaw the Reveller
  3718 | D:6      | Reached * piety under Uskayaw
  3738 | D:6      | Reached ** piety under Uskayaw
  3746 | D:6      | Reached *** piety under Uskayaw
  3755 | D:6      | Noticed Grinder
  3760 | D:6      | Paralysed by Grinder for 2 turns
  3767 | D:6      | Killed Grinder
  3768 | D:6      | Reached skill level 6 in Unarmed Combat
  3768 | D:6      | Reached XP level 8. HP: 77/79 MP: 7/7
  3869 | D:2      | Bought a +1 cloak for 149 gold pieces
  4101 | D:6      | Reached skill level 5 in Fighting
  4153 | D:6      | Found a staircase to the Ecumenical Temple.
  4160 | Temple   | Entered the Ecumenical Temple
  4435 | D:6      | Noticed Blork the orc
  4441 | D:6      | Killed Blork the orc
  4588 | D:7      | Reached **** piety under Uskayaw
  4591 | D:7      | Reached ***** piety under Uskayaw
  4592 | D:7      | Reached skill level 7 in Unarmed Combat
  5030 | D:7      | Found a runed translucent door.
  5031 | D:7      | Noticed Crazy Yiuf
  5096 | D:7      | Noticed an ice devil
  5097 | D:7      | Noticed a freezing wraith
  5097 | D:7      | Noticed an ice devil
  5108 | D:7      | Killed a freezing wraith
  5109 | D:7      | Reached skill level 5 in Shields
  5109 | D:7      | Reached XP level 9. HP: 89/89 MP: 8/8
  5116 | D:7      | Killed an ice devil
  5120 | D:7      | Killed an ice devil
  5121 | D:7      | Reached skill level 8 in Unarmed Combat
  5148 | D:7      | Found the +8 frozen axe "Frostbite" {freeze, freezing
                  | cloud, *Noise Fly rC+}
  5540 | D:8      | Found a transporter.
  5607 | D:8      | Noticed Maggie
  5620 | D:8      | Killed Maggie
  5649 | D:8      | Noticed Joseph
  5656 | D:8      | Reached ****** piety under Uskayaw
  5668 | D:8      | Noticed a komodo dragon
  5690 | D:8      | Reached XP level 10. HP: 51/102 MP: 9/9
  5752 | D:8      | Killed Joseph
  5753 | D:8      | Reached skill level 9 in Unarmed Combat
  5779 | D:8      | Noticed a two-headed ogre
  5786 | D:8      | Killed a two-headed ogre
  5796 | D:8      | Noticed a two-headed ogre
  5851 | D:8      | Killed a two-headed ogre
  5934 | D:8      | Found a staircase to the Lair.
  6368 | D:9      | Noticed a manticore
  6374 | D:9      | Killed a manticore
  6375 | D:9      | Reached skill level 10 in Unarmed Combat
  6470 | D:9      | Noticed a two-headed ogre
  6478 | D:9      | Killed a two-headed ogre
  6523 | D:9      | Reached XP level 11. HP: 110/113 MP: 10/10
  6623 | D:9      | Found Xeutz's Neck Hole.
  6793 | D:10     | Entered Level 10 of the Dungeon
  6920 | D:10     | Noticed Harold
  6931 | D:10     | Killed Harold
  7094 | D:10     | Found a staircase to the Orcish Mines.
  7211 | D:10     | Found Negakh's Antique Weapon Shoppe.
  7562 | D:11     | Reached skill level 11 in Unarmed Combat
  7729 | D:11     | Found an ornate altar of the Wu Jian Council.
  7794 | D:11     | Noticed a cyan ugly thing
  7812 | D:11     | Killed a cyan ugly thing
  8363 | D:12     | Noticed Snorg
  8377 | D:12     | Killed Snorg
  8674 | D:12     | Reached XP level 12. HP: 94/126 MP: 11/11
  8731 | D:12     | Reached skill level 10 in Shields
  8758 | D:12     | Reached skill level 10 in Fighting
  8758 | D:12     | Reached skill level 12 in Unarmed Combat
  9012 | D:12     | Found a stormy altar of Qazlal.
  9294 | Lair:1   | Entered Level 1 of the Lair of Beasts
 10166 | Lair:2   | You fall into a shaft and drop 2 floors!
 10188 | Lair:4   | Reached skill level 5 in Shapeshifting
 10205 | Lair:4   | Noticed an eight-headed hydra
 10210 | Lair:4   | Slain by an eight-headed hydra

Illustrated notes

Levels and vault maps discovered:
D:1:      dpeg_arrival_rhombus, layout_loops_ring, serial_shops,
          nicolae_shop_gibbet_a_chance, minmay_hexomino_f4
D:2:      kennysheep_six_static_rooms, layout_loops_corners, serial_shops, shop,
          shop, uniq_jessica
D:3:      layout_rooms, mainiacjoe_overflow_alcove_4
D:4:      layout_basic, serial_shops, shop, nicolae_shop_waterfront, shop
D:5:      layout_basic, nicolae_overflows_in_rows, serial_shops,
          nicolae_diamond_shop
D:6:      layout_basic, minmay_temple_entry_purple_smoke, uniq_grinder,
          uniq_blork_the_orc
D:7:      layout_loops_ring, hellmonk_guarded_unrand_frostbite,
          uniq_crazy_yiuf_cottage
D:8:      layout_loops_ring, due_lair_maze_entry_diamond, nicolae_diode_basic,
          uniq_maggie, uniq_joseph
D:9:      layout_basic, nicolae_shop_sticking_my_neck_out
D:10:     layout_roguey [special_room_kobold], david_orc_2, serial_shops,
          nicolae_shop_dealshenge, uniq_harold
D:11:     layout_irregular_city, nicolae_wu_jian_wuxing_cycle
D:12:     layout_roguey [special_room_bee], serial_library,
          serial_library_regret_index_multi,
          serial_library_hellmonk_small_alcove, serial_library_hellmonk_room_c,
          serial_library_regret_index_small_wings,
          serial_library_hellmonk_big_corner, serial_library_hellmonk_hallway_b,
          serial_library_hellmonk_room_c, fountainhead,
          nicolae_qazlal_eye_of_the_storm, uniq_snorg
Temple:   nicolae_temple_bog_church
Lair:1:   statuecave_lemuel, layout_hall_layers, beast_lair_carwin_2,
          infiniplex_staircase_pool
Lair:2:   layout_hall_layers, mainiacjoe_shoals_entry_four_pools, uniq_erica
Lair:4:   layout_concentric_octagons, grunt_megastairs_1

Skill      XL: |  1  2  3  4  5  6  7  8  9 10 11 12 |
---------------+-------------------------------------+-----
Fighting       | 1 2 3 4 5 7 8 9 10 | 10.4
Unarmed Combat | 4 5 6 7 8 10 11 12 | 12.5
Shapeshifting  | 4 5 |  5.5
Shields        | 1 3 5 6 8 9 10 | 10.6
Dodging        | |  1.7

Action                     |  1- 3 |  4- 6 |  7- 9 | 10-12 || total
---------------------------+-------+-------+-------+-------++-------
  Melee: Unarmed           |    63 |   151 |   217 |   553 ||   984
         Punch             |       |     1 |       |       ||     1
 Invoke: Stomp             |       |       |       |     2 ||     2
  Evoke: Wand              |       |     1 |       |       ||     1
    Use: Scroll            |       |     8 |       |     4 ||    12
         Potion            |       |       |       |     7 ||     7
   Stab: Sleeping          |     2 |     1 |       |       ||     3
         Paralysed         |       |       |     8 |    30 ||    38
 Armour: Animal skin       |    31 |    92 |    59 |   266 ||   448
  Dodge: Dodged            |    26 |    49 |    23 |    73 ||   171
  Block: Kite shield       |       |    59 |   262 |   752 ||  1073

Table legend: (Time is in decaauts)
 A = Elapsed time spent in this place.
 B = Non-inter-level travel time spent in this place.
 C = Inter-level travel time spent in this place.
 D = Time resting spent in this place.
 E = Time spent auto-exploring this place.
 F = Levels seen in this place.
 G = Mean time per level.
                   A        B        C        D        E       F      G
               +--------+--------+--------+--------+--------+-----+--------+
         Total |  10122 |   9378 |    744 |    390 |   7044 |  16 |  632.6 |
       Dungeon |   9218 |   8504 |    714 |    390 |   6334 |  12 |  768.2 |
        Temple |      3 |      3 |      0 |      0 |      0 |   1 |    3.0 |
          Lair |    900 |    870 |     30 |      0 |    710 |   3 |  300.0 |
               +--------+--------+--------+--------+--------+-----+--------+

Top non-repeatable levels by time:
     D:7: 1021 daAuts
     D:4: 1004 daAuts
    D:12: 997 daAuts
     D:2: 928 daAuts
     D:1: 855 daAuts
  Lair:1: 828 daAuts
     D:8: 798 daAuts
    D:11: 722 daAuts
    D:10: 703 daAuts
     D:5: 698 daAuts
     D:6: 611 daAuts
     D:9: 446 daAuts
     D:3: 429 daAuts
  Lair:4: 38 daAuts
  Lair:2: 33 daAuts
